 Dungeon Crawl Stone Soup version 0.29.1-15-g9cfb28693d (webtiles) character file.

Game seed: 17181115737852405303

413 GigaChad the Covered (level 6, -2/55 HPs)
             Began as a Minotaur Fighter on Mar 12, 2023.
             Was an Initiate of Trog.
             Slain by a gnoll
             ... wielding a +0 halberd
             ... led by a gnoll bouda
              (4 damage)
             ... on level 4 of the Dungeon.
             The game lasted 00:05:31 (2674 turns).

GigaChad the Covered (Minotaur Fighter)             Turns: 2674, Time: 00:05:31

Health: -2/55      AC:  7    Str: 23    XL:     6   Next: 59%
Magic:  5/5        EV:  9    Int:  5    God:    Trog [......]
Gold:   191        SH:  4    Dex:  9    Spells: 5/5 levels left

rFire   . . .      SeeInvis .   a - +0 war axe
rCold   . . .      Faith    .   c - +0 buckler
rNeg    . . .      Spirit   .   b - +0 scale mail
rPois   .          Reflect  .   (helmet restricted)
rElec   .          Harm     .   (no cloak)
rCorr   .          Rampage  .   (no gloves)
Will    .....                   (no boots)
Stlth   ..........              (no amulet)
HPRegen 0.18/turn               (no ring)
MPRegen 0.09/turn               (no ring)

@: no status effects
A: horns 2, retaliatory headbutt
a: Renounce Religion


You were on level 4 of the Dungeon.
You worshipped Trog.
Trog was noncommittal.
You visited 1 branch of the dungeon, and saw 4 of its levels.

You collected 191 gold pieces.

Inventory:

Hand Weapons
 a - a +0 war axe (weapon)
Missiles
 n - 3 throwing nets (quivered)
Armour
 b - a +0 scale mail (worn)
 c - a +0 buckler (worn)
Jewellery
 j - a ring of ice
 t - a ring of poison resistance
Wands
 r - a wand of iceblast (10)
 s - a wand of charming (5)
Scrolls
 e - 2 scrolls of identify {unknown}
 f - a scroll of blinking {unknown}
 i - 3 scrolls of immolation {unknown}
 k - a scroll of amnesia {unknown}
 l - a scroll of poison {unknown}
 p - a scroll of enchant weapon {unknown}
 q - a scroll of silence {unknown}
Potions
 d - a potion of might
 g - a potion of heal wounds {unknown}
 h - 2 potions of curing
 m - a potion of berserk rage {unknown}
 o - a potion of haste {unknown}
 u - a potion of mutation {unknown}


   Skills:
 + Level 4.9 Fighting
 + Level 5.5 Axes
 + Level 5.6 Armour
 + Level 0.4 Dodging
 + Level 4.9 Shields


You had 5 spell levels left.
You didn't know any spells.
Your spell library contained the following spells:

 Spells                   Type           Power      Damage    Failure   Level
 Freeze                   Ice            0%         1d3       86%         1
 Frozen Ramparts          Ice            0%         1d1       99%         3
 Hailstorm                Conj/Ice       0%         3d3       100%        4


Dungeon Overview and Level Annotations

Branches:
Dungeon (4/15)
 Temple: D:4-7

Altars:
Qazlal
Trog


Innate Abilities, Weirdness & Mutations

You have a pair of horns on your head.
You reflexively headbutt those who attack you in melee.


Message History

The gnoll hits you but does no damage. The gnoll hits you but does no damage.
You barely miss the hobgoblin. Your headbutt misses the hobgoblin.
The hobgoblin closely misses you. The gnoll barely misses you.
You block the gnoll's attack.
The hobgoblin zaps a wand.
You barely resist. You closely miss the hobgoblin.
The gnoll hits you from afar with a +0 halberd.
You block the gnoll's attack.
The hobgoblin zaps a wand.
Your mind is blasted!
You hit the hobgoblin.
You kill the hobgoblin!
Trog accepts your kill.
The gnoll is no longer moving quickly.
The gnoll closely misses you. You block the gnoll's attack.
The gnoll hits you from afar with a +0 halberd!
You hit the gnoll bouda.
The gnoll bouda is lightly wounded.
The gnoll is no longer moving quickly.
The gnoll closely misses you.
The gnoll bouda hits you with a +0 whip.
* * * LOW HITPOINT WARNING * * *
You block the gnoll's attack. x2
The gnoll bouda barks out a call to the hunt!
The gnolls pick up the pace!
Okay, then.
You barely miss the gnoll bouda.
The gnoll bouda is lightly wounded.
The gnoll closely misses you.
The gnoll hits you from afar with a +0 spear.
* * * LOW HITPOINT WARNING * * *
The gnoll bouda hits you with a +0 whip.
* * * LOW HITPOINT WARNING * * *
You slash the gnoll bouda! You headbutt the gnoll bouda!
You kill the gnoll bouda!
Trog accepts your kill. The gnoll closely misses you.
You block the gnoll's attack. x2
You slash the worm!
The worm is heavily wounded.
The gnoll hits you from afar with a +0 spear.
* * * LOW HITPOINT WARNING * * *
The gnoll hits you from afar with a +0 halberd.
You die...

..##..##..##..###..####..
.........##..###..####..
.(...........#..........
.............#..........
.##..##..######...####..
#########..##..#
########'#
#.......#..#...# #.....
#.###...###'...# #.....
#.#.#._.....#@## ##...#
#.###...#####w## #####
#.......#...g.g#
#########..†...#
.......)..#
..........'...#
..##......#...# .
#.....##...# #.....# +##


You could see a worm and 2 gnolls.

Vanquished Creatures
  Sigmund (D:2)
  An orc priest (D:3)
  A jelly (D:3)
  A gnoll bouda (D:4)
  An iguana (D:4)
  5 gnolls
  2 adders (D:2)
  5 dart slugs
  5 orcs (D:3)
  4 bats
  6 endoplasms
  4 giant cockroaches
  3 goblins (D:3)
  5 hobgoblins
  5 quokkas
  5 ball pythons
  3 frilled lizards (D:1)
  4 kobolds
  2 rats
63 creatures vanquished.

Vanquished Creatures (others)
  A wizard (D:4)
1 creature vanquished.

Grand Total: 64 creatures vanquished

Notes
Turn   | Place    | Note
-------+----------+-------------------------------------------
     0 | D:1      | GigaChad the Minotaur Fighter began the quest for the Orb.
     0 | D:1      | Reached XP level 1. HP: 19/19 MP: 0/0
   200 | D:1      | Reached XP level 2. HP: 27/27 MP: 1/1
   576 | D:1      | Reached XP level 3. HP: 33/33 MP: 2/2
   911 | D:2      | Noticed Sigmund
   927 | D:2      | Killed Sigmund
   928 | D:2      | Reached skill level 5 in Armour
   928 | D:2      | Reached XP level 4. HP: 19/41 MP: 3/3
   928 | D:2      | Reached XP level 5. HP: 22/47 MP: 4/4
  1424 | D:3      | Reached skill level 5 in Axes
  1424 | D:3      | Reached XP level 6. HP: 39/53 MP: 5/5
  2209 | D:3      | Found a stormy altar of Qazlal.
  2209 | D:3      | Noticed a fire elemental
  2213 | D:3      | Noticed an air elemental
  2218 | D:3      | Noticed a water elemental
  2613 | D:4      | Found a bloodstained altar of Trog.
  2617 | D:4      | Noticed a wizard
  2622 | D:4      | Became a worshipper of Trog the Wrathful
  2622 | D:4      | Killed a wizard
  2674 | D:4      | HP: 2/55 [gnoll/+0 spear[a gnoll bouda] (4)]
  2674 | D:4      | Slain by a gnoll

Illustrated notes

Levels and vault maps discovered:
D:1:      eino_arrival_cavern_d, layout_loops_ring, serial_forest,
          infiniplex_forest_clump_double, infiniplex_forest_end_double,
          infiniplex_forest_lined_room_, infiniplex_forest_straight_2,
          infiniplex_forest_end_3, infiniplex_forest_straight_2,
          infiniplex_forest_straight_3, minmay_3d_cube
D:2:      layout_rooms, hangedman_decor_points, uniq_sigmund
D:3:      cheibrodos_pilgrimage, layout_basic, nicolae_qazlal_style_of_elements
D:4:      layout_gridville, trog_wizard

Skill      XL: |  1  2  3  4  5 |
---------------+----------------+-----
Shields        | 4 |  4.9
Armour         | 4 5 |  5.6
Fighting       | 4 |  4.9
Axes           | 4 5 |  5.5
Dodging        | |  0.4

Action                   |  1- 3 |  4- 6 || total
-------------------------+-------+-------++-------
Melee: War axe           |    61 |    68 ||   129
       Headbutt          |    11 |    13 ||    24
Armor: Scale mail        |    41 |    25 ||    66
Dodge: Dodged            |    25 |    32 ||    57
Block: Buckler           |     7 |    19 ||    26
